[Event "Lliga Catalana DH 2023"]
[Site "Catalonia"]
[Date "2023.03.18"]
[Round "9.5"]
[White "Matnadze Bujiashvili, Ann"]
[Black "Salgado Allaria, Carlos"]
[Result "1/2-1/2"]
[ECO "D11"]
[WhiteElo "2392"]
[BlackElo "2234"]
[Annotator "TA"]
[PlyCount "50"]
[EventDate "2023.01.24"]
[EventType "team-tourn"]
[EventCountry "ESP"]
[SourceTitle "playchess.com"]
[Source "ChessBase"]
[SourceQuality "1"]
[TimeControl "40/5400+30:1800+30"]

1. d4 Nf6 2. Nf3 d5 3. c4 c6 4. g3 Bf5 5. Bg2 e6 6. O-O Nbd7 7. Nc3 Be7 8. Nh4 {Hoping for Nxf5.} Bg4 {D11: Slav Defence: 3 Nf3 sidelines and 3...Nf6 4 e3 Bg4.} 9. h3 Bh5 10. cxd5 cxd5 {White has an edge.} 11. Qb3 (11. g4 $5 Bg6 12. Nxg6 hxg6 13. g5 $11) 11... Qb6 {[#]} (11... Nb6 $11 {remains equal.}) 12. Qxb6 (12. g4 $1 $16) 12... Nxb6 $11 {The position is equal.} 13. g4 Bg6 14. Nxg6 hxg6 {[#]} 15. Bg5 $146 ({Predecessor:} 15. Bf4 Kd7 16. Rfc1 Rac8 17. Nd1 Bd6 18. Bxd6 Kxd6 19. b3 g5 20. Nb2 Nbd7 21. Nd3 {½-½ Volfl,Z (2134)-Chalupa,I (2143) CZE-chT1W 1516 2015 (9.8)}) 15... a6 16. Rac1 Rc8 17. Rfd1 Nfd7 18. Bxe7 Kxe7 19. e4 Nf6 20. exd5 Nfxd5 21. Nxd5+ Nxd5 22. Bxd5 exd5 {KRR-KRR} 23. Kg2 Kd6 24. Rxc8 Rxc8 25. Rd2 {Wards off Rc2} Rc1 {Weighted Error Value: White=0.14 (very precise) /Black=0.14 (very precise)} 1/2-1/2

[Event "Lliga Catalana DH 2023"]
[Site "Catalonia"]
[Date "2023.03.18"]
[Round "9.5"]
[White "Roca Planas, Edgar"]
[Black "Campins Machado, Francesc"]
[Result "0-1"]
[ECO "B83"]
[WhiteElo "2153"]
[BlackElo "2157"]
[Annotator "TA"]
[PlyCount "108"]
[EventDate "2023.01.24"]
[EventType "team-tourn"]
[EventCountry "ESP"]
[SourceTitle "playchess.com"]
[Source "ChessBase"]
[SourceQuality "1"]
[TimeControl "40/5400+30:1800+30"]

1. e4 c5 2. Nf3 e6 3. d4 cxd4 4. Nxd4 Nc6 5. Nc3 d6 6. Be3 Nf6 7. Be2 Be7 8. O-O O-O 9. f4 Bd7 10. Qe1 Nxd4 11. Bxd4 Bc6 12. Qg3 g6 13. Bd3 Nh5 {[%emt 0:02:33] B83: Sicilian Scheveningen: 6 Be2, lines without ...a6.} 14. Qe3 {[%emt 0:06:59] [#]} Nxf4 $1 {[%emt 0:05:21][%mdl 64] Remove Defender, Decoy} 15. Qxf4 (15. Rxf4 $5 e5 $8 16. Rf3 $11) 15... e5 {[%emt 0:00:16] The position is equal.} 16. Qf2 exd4 17. Qxd4 {[%emt 0:01:06] [#]} Qb6 $146 ({Predecessor:} 17... Qa5 18. Kh1 Qe5 19. Qxe5 dxe5 20. Bc4 Kg7 21. Bd5 Rad8 22. a3 h5 23. Rf3 Bg5 {0-1 Sukandar,I (2354)-Alekseev,E (2688) Agzamov Memorial 05th 2011 (2)}) 18. Qxb6 axb6 19. a3 Kg7 20. Ne2 Bf6 {[%emt 0:02:03] A strong pair of Bishops.} 21. c3 Rae8 22. Ng3 (22. Rad1 $11 {remains equal.}) 22... h5 23. Rae1 Re5 24. Re2 Bg5 25. Rd1 Rfe8 26. Kf2 h4 27. Nf1 h3 (27... Bxe4 $6 28. Bxe4 Rxe4 29. Rxe4 Rxe4 30. Rxd6 $11) 28. g3 d5 {[%emt 0:13:47] Black has more active pieces. The white rooks are badly placed.} ({Don't play} 28... Bxe4 29. Bxe4 Rxe4 30. Rxe4 Rxe4 31. Nd2 Be3+ 32. Kf3 $11) 29. exd5 Bxd5 30. Rde1 Rxe2+ 31. Rxe2 Rxe2+ 32. Kxe2 $11 {[%emt 0:00:05][%mdl 4096] Endgame KBB-KBN} Bc1 33. b4 f5 ({Of course not} 33... Bxa3 34. Ne3 Be6 35. Kd2 $11) 34. Ne3 Bc6 35. b5 Bh1 36. a4 Ba3 37. Kd2 (37. g4 $11) 37... Bd6 (37... Bg2 $1 $17) 38. Bxf5 Bxg3 $1 39. hxg3 $2 (39. Bxh3 $11 {and White is okay.} Bxh2 40. c4) 39... gxf5 $19 40. Nxf5+ $11 {[%emt 0:00:09] KB-KN} Kf6 (40... Kf7 $19 {Hoping for ...Bf3.} 41. Ne3 Bd5 {[%mdl 64] Promotion}) 41. Ne3 $17 Ke5 (41... Ke6 $17 {...Bd5 would be deadly.} 42. Nf1 Bd5) 42. Ke2 $2 {[%emt 0:00:17] [#] White does not recover from this.} (42. Ng4+ $11 {and White stays safe.} Kf5 43. Nh2) 42... Ke4 $1 $19 43. Nf1 {[%emt 0:03:06] [#]} Bf3+ $1 44. Kf2 $2 (44. Kd2 {was worth a try.}) 44... Bd1 45. g4 Bxg4 {[%emt 0:01:35] Strongly threatening ...Kd3.} 46. c4 Be6 47. c5 bxc5 48. a5 Bc8 49. b6 Kd3 50. Kg3 c4 {[%emt 0:01:30] Black mates.} 51. Nh2 c3 52. Nf3 c2 53. Ne1+ Kd2 54. Nxc2 Kxc2 {[%emt 0:00:02] Weighted Error Value: White=0.62/Black=0.39} 0-1

[Event "Lliga Catalana DH 2023"]
[Site "Catalonia"]
[Date "2023.03.18"]
[Round "9.6"]
[White "Gutierrez Clares, Joaquim"]
[Black "Baches Garcia, Guillermo"]
[Result "1/2-1/2"]
[ECO "D41"]
[WhiteElo "2191"]
[BlackElo "2328"]
[Annotator "TA"]
[PlyCount "45"]
[EventDate "2023.01.24"]
[EventType "team-tourn"]
[EventCountry "ESP"]
[SourceTitle "playchess.com"]
[Source "ChessBase"]
[SourceQuality "1"]
[TimeControl "40/5400+30:1800+30"]

1. d4 Nf6 2. c4 e6 3. Nf3 d5 4. Nc3 c5 5. cxd5 Nxd5 6. e4 Nxc3 7. bxc3 cxd4 8. cxd4 Bb4+ 9. Bd2 Bxd2+ 10. Qxd2 O-O 11. Bc4 Nd7 12. O-O b6 13. Rfe1 Bb7 14. Rad1 Rc8 {D41: Queen's Gambit Declined: Semi-Tarrasch with 5 cxd5.} 15. Bb3 Re8 16. h3 h6 17. Qf4 Qf6 18. Qg4 {[#]} Red8 $146 ({Predecessor:} 18... Qe7 19. Qf4 Qb4 20. Re3 b5 21. Ne5 Nxe5 22. dxe5 Rc7 23. Rg3 Kh7 24. Rg4 a5 {0-1 Pershin,D (2409)-Sarana,A (2636) RUS-chT 26th 2019 (6.3)}) 19. Re3 Qe7 20. Qf4 (20. d5 $5 Nf6 21. Qf4 $11) 20... Qf6 21. Qg4 Qe7 22. Qf4 (22. d5 $5 Nf6 23. Qg3 $11) 22... Qf6 23. Qg4 {Not much happened in this game.   Weighted Error Value: White=0.11 (very precise) /Black=0.05 (flawless)} 1/2-1/2

[Event "Lliga Catalana DH 2023"]
[Site "Catalonia"]
[Date "2023.03.18"]
[Round "9.6"]
[White "Fernandez Madrid, Carlos"]
[Black "Delisau Gil, Oriol"]
[Result "1/2-1/2"]
[ECO "D00"]
[WhiteElo "2066"]
[BlackElo "2223"]
[Annotator "TA"]
[PlyCount "156"]
[EventDate "2023.01.24"]
[EventType "team-tourn"]
[EventCountry "ESP"]
[SourceTitle "playchess.com"]
[Source "ChessBase"]
[SourceQuality "1"]
[TimeControl "40/5400+30:1800+30"]

1. d4 Nf6 2. Bf4 g6 3. Nc3 d5 4. Nf3 Bg7 5. h4 h6 6. Qd2 {[%emt 0:00:00] D00: 1 d4 d5: Unusual lines.} Ne4 7. Nxe4 dxe4 8. Ne5 Nd7 {[%emt 0:00:26] [#]} 9. O-O-O $146 ({Predecessor:} 9. Qc3 Nxe5 10. Bxe5 Bxe5 11. dxe5 Be6 12. Rd1 Qc8 13. e3 O-O 14. Be2 h5 15. Qb4 {0-1 Msellek,I (2342)-Stepak,Y (2217) Titled Tuesday intern op 30th Mar blitz 2021 (2)}) 9... Nxe5 10. dxe5 {[%emt 0:05:02][%csl Gd1][%cal Rd2d8] [#]} Qxd2+ 11. Rxd2 g5 12. hxg5 hxg5 13. Rxh8+ Bxh8 14. Bxg5 Bxe5 15. g3 Be6 16. Bg2 f5 17. g4 {[%emt 0:00:00] And now gxf5 would win.} Kf7 18. gxf5 Bxf5 19. f4 ({Don't blunder} 19. Rd5 $2 Ke6 20. Rxe5+ Kxe5 $19) 19... exf3 20. Bxf3 {[%emt 0:00:00] The position is equal.} c6 {[%emt 0:00:15] Prevents Rd5} 21. Be3 Ke6 22. Rd1 a6 23. Rh1 Rh8 24. Rxh8 Bxh8 $11 {[%emt 0:00:16][%mdl 4096] Endgame KBB-KBB} 25. c3 Bh3 26. Bg5 Bf6 27. Bf4 Kf5 28. Be3 e5 29. Kd2 e4 30. Bh5 Be5 31. Bf7 Kf6 32. Bb3 Be6 33. Bc2 Kf5 34. a3 b5 35. Bh6 Bd5 36. e3 Bg3 37. Bf8 Bh4 38. Bd1 Bf7 39. Bc5 Bg5 40. Bb6 Be7 41. Be2 Bd6 42. Bd8 Be5 43. Bb6 Bf6 44. Bc5 Kg5 45. Bd6 Bh5 46. Bf4+ Kg6 47. Bf1 Kf5 48. Bh3+ Bg4 49. Bg2 Bh4 50. Bf1 Ke6 51. a4 Kd5 52. axb5 axb5 53. b3 Bf6 54. Bh6 Be7 55. Bg7 Kd6 56. Bh6 Bd7 57. Bf4+ Kc5 58. Be5 Kd5 59. Bf4 Bf6 60. Be2 $1 Be6 61. Bd1 c5 62. b4 Kc4 63. bxc5 $1 Bxc3+ 64. Kc2 b4 {[%emt 0:00:36] Strongly threatening ...b3+.} 65. c6 Kd5 66. c7 Kc6 67. Be2 {[%emt 0:00:18] Ba6 would be deadly.} Kb7 {[%emt 0:00:20] Prevents Ba6+} 68. Bb5 Be1 69. Ba4 Bh4 70. Bb3 Bxb3+ 71. Kxb3 {[%emt 0:00:05] KB-KB} Be7 72. Kc4 Kc8 73. Be5 Kd7 74. Kd5 b3 75. Kxe4 Bc5 76. Kd3 Bxe3 77. Kxe3 {[%emt 0:00:07] Threatening mate with Kd2.} b2 $1 {[%emt 0:00:02][%mdl 64] [#] Deflection} 78. Bxb2 {[%emt 0:00:03] White threatens Be5 and mate.} Kxc7 {[%emt 0:00:04] Weighted Error Value: White=0.02 (flawless) /Black=0.02 (flawless)} 1/2-1/2

[Event "Lliga Catalana DH 2023"]
[Site "Catalonia"]
[Date "2023.03.18"]
[Round "9.7"]
[White "Castelltort Fernandez, Antonio"]
[Black "Fernandez Serrano, Pau"]
[Result "1/2-1/2"]
[ECO "B06"]
[WhiteElo "2208"]
[BlackElo "2075"]
[Annotator "TA"]
[PlyCount "142"]
[EventDate "2023.01.24"]
[EventType "team-tourn"]
[EventCountry "ESP"]
[SourceTitle "playchess.com"]
[Source "ChessBase"]
[SourceQuality "1"]
[TimeControl "40/5400+30:1800+30"]

1. e4 g6 2. d4 Bg7 3. Nf3 d6 4. h3 Nd7 5. Nc3 a6 6. a4 {[%emt 0:01:02] B06: Modern Defence.} b6 7. Bc4 {[%emt 0:01:41][%cal Oc4f7] [#] Threatens to win with Bxf7+!} e6 8. O-O {[%emt 0:00:52] White is slightly better.} h6 9. Be3 Bb7 {[%emt 0:00:09] [#]} 10. Ne1 $146 {[%emt 0:03:43] White is more active.} (10. Qd2 $14) ({Predecessor:} 10. Re1 Ne7 11. Bd3 O-O 12. Qd2 Kh7 13. Ne2 e5 14. dxe5 dxe5 15. Nc3 f5 16. Qe2 {1-0 Inozemtsev,S (2312)-Tsydypov,Z (2520) RUS-ch Eurasia Cup op 2018 (8)}) 10... Ngf6 11. d5 e5 (11... Ne5 $11 12. Bb3 exd5 13. exd5 O-O) 12. f4 (12. Qd2 $14) 12... exf4 $11 13. Bxf4 O-O {[%emt 0:00:12] Threatening ...Qe7.} 14. Nd3 Nh5 (14... Re8 $5 ) 15. Bh2 Qg5 (15... Qh4 {simplifies} 16. Qe1 Qxe1 17. Raxe1 Rae8) 16. Qf3 Bd4+ (16... Qf6 {simplifies} 17. Qxf6 Bxf6 18. Rae1 Rfe8) 17. Kh1 Ne5 (17... Be5 $11) 18. Bxe5 (18. Nxe5 $14 {was forced to keep a grip.} dxe5 19. Rae1) 18... Bxe5 $17 19. Ne2 Bg7 20. g4 Nf6 21. Ng3 (21. Nef4 $15) 21... Nd7 22. Rg1 Ne5 (22... Qh4 $142 23. Qg2 Rae8) 23. Nxe5 Bxe5 (23... dxe5 24. Ne2 $11) 24. c3 Kh7 ({Of course not} 24... Qd2 $6 25. Rg2 Qf4 26. Qxf4 Bxf4 27. Ne2 $11) (24... Qh4 $5 25. Nf1 Bc8 $15) 25. Raf1 (25. Nf1 $15) 25... Rae8 ({Black should try} 25... Bc8 $17 26. Ne2 Qh4) 26. Ne2 Bc8 27. Nf4 Qf6 (27... Kg7 {with more complications.} 28. Ng2 Qe7 29. Rf2 Qd7) 28. Nd3 Qxf3+ 29. Rxf3 Bg7 30. Nf2 Re5 31. Bd3 h5 32. gxh5 Rxh5 33. Ng4 (33. a5 $15) 33... Be5 34. Nxe5 Rxe5 (34... dxe5 $17 35. Kh2 Kg7) 35. Rgg3 (35. h4 $11 {remains equal.}) 35... Kg7 36. Kg2 Bd7 37. Bc2 Rh8 38. Rf4 Reh5 39. Rff3 Rh4 40. b3 R8h5 41. Bd3 a5 42. Re3 Re5 43. Rgf3 Rg5+ 44. Kh2 Rgh5 45. Kg2 Rg5+ 46. Kh2 $1 Rgh5 47. Kg2 Rh8 48. Rg3 Re8 49. Kf2 Re5 50. Kg2 Kf8 51. Ref3 Reh5 (51... Ke7 $17) 52. Re3 ({Better is} 52. Rxg6 $15 Bxh3+ 53. Kg3) 52... Ke7 53. Rgf3 Rg5+ 54. Kh2 Bc8 55. Bf1 Re5 56. Bd3 Bd7 57. Kg2 Reh5 58. Bf1 Re5 59. Bd3 g5 60. Rg3 f6 61. Ref3 g4 (61... Be8 $17 {White should prevent ...Bg6.} 62. Rf5 c6) 62. hxg4 $11 Bxg4 63. Rf4 (63. Rf1 $11) 63... Rg5 $17 {[%emt 0:01:17] [#] ...Bh3+ would be deadly.} 64. Rf2 Bh3+ (64... Bd1 $17 65. Rb2 Rgh5) 65. Kf3 $11 {[%emt 0:00:18] The position is equal.} Bd7 {[%emt 0:00:29] aiming for ...Rxg3+.} 66. Rfg2 Rhh5 67. Kf4 Rh4+ 68. Kf3 Rhh5 69. Kf4 Rh4+ 70. Kf3 Rhh5 71. Kf4 Rh4+ {[%emt 0:00:11] Weighted Error Value: White=0.18 (very precise) /Black=0.20 (precise)} 1/2-1/2

[Event "Lliga Catalana DH 2023"]
[Site "Catalonia"]
[Date "2023.03.18"]
[Round "9.8"]
[White "Dominguez Laguna, Eduard"]
[Black "Casas Douton, Domingo"]
[Result "1/2-1/2"]
[ECO "D10"]
[WhiteElo "1959"]
[BlackElo "2114"]
[Annotator "TA"]
[PlyCount "70"]
[EventDate "2023.01.24"]
[EventType "team-tourn"]
[EventCountry "ESP"]
[SourceTitle "playchess.com"]
[Source "ChessBase"]
[SourceQuality "1"]
[TimeControl "40/5400+30:1800+30"]

1. d4 d5 2. c4 c6 3. cxd5 cxd5 4. Bf4 Nc6 5. e3 e6 6. Nc3 {[%emt 0:00:23] D10: Slav Defence: 3 cxd5 (without early Nf3) and 3 Nc3.} Bd6 $1 {[%emt 0:03:18] 6...Bd6 scores better than 6...Nf6.} 7. Bxd6 Qxd6 8. f4 {[%emt 0:02:27] White is slightly better.} Bd7 9. Nf3 Nf6 10. Bd3 a6 11. O-O Ne7 12. Ne5 Nf5 13. Qf3 {[%emt 0:08:50] Strongly threatening g4.} h5 $1 {[%emt 0:02:59] [#]} 14. Rfe1 $146 ({Predecessor:} 14. Rac1 g6 15. b3 Rc8 16. Rc2 Ng4 17. Re1 Nxe5 18. fxe5 Qe7 19. Rec1 Bc6 20. Na4 {1-0 Potapova,M (2270)-Foisor,S (2228) Speed Chess (Women) Q5 blitz 2020 (8)}) 14... Kf8 15. Rac1 Rd8 16. g3 Be8 17. h3 Qb6 18. Rc2 Nd6 19. g4 hxg4 20. hxg4 g6 21. Ree2 (21. g5 {simplifies} Nh5 22. Qg4 Nf5 23. Bxf5 exf5 24. Qf3) 21... Ke7 (21... Bb5 $1 $14) 22. g5 Nfe4 (22... Nd7 $142) 23. Nxe4 ({Better is} 23. Bxe4 dxe4 24. Nxe4) 23... dxe4 $16 24. Bxe4 Bb5 25. Red2 Rc8 26. Bd3 {[%emt 0:06:38] White is more active.} (26. Bxg6 $16 {[%cal Of4f5] aiming for f5!} Qa5 27. Qd1 (27. Nxf7 $2 Rxc2 {[%mdl 64] Remove Defender} 28. Bxc2 Qxd2 $19) 27... Rxc2 28. Bxc2 (28. Rxc2 Rh3 $14) (28. Qxc2 Rc8 $11)) 26... Rxc2 $11 27. Rxc2 Qa5 {[%emt 0:01:09] [#] ...Qe1+ would be deadly.} 28. Bxb5 axb5 29. Qd1 {[%emt 0:03:49] Repels Qe1+. Threatens to win with Qc1.} b4 (29... Qxa2 $11 {keeps the balance.} 30. b3 Qa5) 30. Qc1 ({White should play} 30. b3 $16) 30... Qd5 {[%emt 0:00:26] The position is equal.} 31. Rh2 {[%emt 0:00:41] [#] Dodges Qh1+. White threatens Qc7+ and mate.} Rc8 {[%emt 0:00:01] Prevents Qc7+.} 32. Rc2 Rh8 33. Rh2 {[%emt 0:00:32] Inhibits Qh1+. Threatening mate with Qc7+.} Rc8 {[%emt 0:00:02] Dodges Qc7+} 34. Rc2 Rh8 {[%emt 0:00:02] ( -> ...Qh1+)} 35. Rh2 {[%emt 0:00:16] Inhibits Qh1+. White wants to mate with Qc7+.} Rc8 {[%emt 0:00:23] Dodges Qc7+.   Weighted Error Value: White=0.17 (very precise) /Black=0.14 (very precise)} 1/2-1/2

[Event "Lliga Catalana DH 2023"]
[Site "Catalonia"]
[Date "2023.03.18"]
[Round "9.9"]
[White "Vehi Bach, Victor Manuel"]
[Black "Gonzalez Escudero, Josep"]
[Result "1-0"]
[ECO "C13"]
[WhiteElo "2242"]
[BlackElo "1955"]
[Annotator "TA"]
[PlyCount "121"]
[EventDate "2023.01.24"]
[EventType "team-tourn"]
[EventCountry "ESP"]
[SourceTitle "playchess.com"]
[Source "ChessBase"]
[SourceQuality "1"]
[TimeControl "40/5400+30:1800+30"]

1. e4 e6 2. d4 d5 3. Nc3 Nf6 4. Bg5 dxe4 5. Nxe4 Be7 6. Bxf6 gxf6 7. Nf3 b6 8. Bd3 Bb7 9. Qe2 c6 10. O-O Qc7 11. c4 Nd7 12. Rac1 {C13: French: Classical System: 4 Bg5 Be7, Alekhine-Chatard Attack.} c5 {[#]} 13. d5 O-O-O 14. Nc3 {[#] White is slightly better.} Nf8 $146 (14... Qf4 $11 {remains equal.}) ({Predecessor:} 14... Qf4 15. Rfe1 Bd6 16. g3 Qg4 17. Nd2 Qxe2 18. Rxe2 Nf8 19. f4 h5 20. h4 Rg8 {1-0 Mercadal Benejam,J (2448)-Bernad Suarez,A (2118) ESP-chT1 email 7th 2008 [1]}) 15. Nb5 $16 Qb8 16. Rfe1 {[%cal Rd5e6] White has more active pieces.} a6 17. Nc3 Qf4 18. Qe4 (18. g3 $16 Rg8 19. Ra1) 18... Qxe4 19. Bxe4 f5 {[#] White now steadily converts the win.} ({Better is} 19... Rg8 $14) 20. Bxf5 $1 Bf6 {Black is weak on the light squares} (20... Rg8 21. dxe6) 21. dxe6 fxe6 22. Be4 (22. Bxe6+ Nxe6 23. Rxe6 Bxc3) 22... h6 23. Bxb7+ Kxb7 24. b3 Rg8 25. g3 Rg6 26. Ne4 Bd4 27. Kg2 Nh7 (27... e5 {was called for.} 28. Nc3 Nd7) 28. Rcd1 $18 Kc7 29. Rd3 e5 30. Nh4 {A dynamic duo of knights.} Re6 31. Rf3 Ng5 32. Rf5 Nxe4 33. Rxe4 Bc3 34. Nf3 Rd1 35. Rf7+ ({Don't play} 35. Nxe5 Rd2 36. Kf3 Rxa2) 35... Kd6 (35... Rd7 $142 36. Rf5 b5) 36. Re2 Bd4 (36... Kc6 $142 37. Nh4 Rd7) 37. Nd2 Ra1 38. Ne4+ Kc6 39. Ra7 a5 40. Rf7 Rd1 41. h4 Rd3 42. Rf3 Rd1 43. a4 Ba1 44. h5 Rd7 45. Rd2 {aiming for Rxd7.} Bd4 $2 (45... Rd4 {was necessary.}) 46. Rf6 Rxf6 47. Nxf6 {[%mdl 4096] Endgame KRB-KRN} Rf7 48. Ng4 {[%cal Od2d4] Black must now prevent Rxd4!} Rf5 49. Nxh6 Rxh5 50. Ng4 Rf5 51. Re2 Kd6 52. f3 Rf7 53. Nf2 Bxf2 $2 (53... Rd7 {might work better.} 54. Ne4+ Ke7) 54. Kxf2 {KR-KR} Rf5 55. Rd2+ {White is clearly winning.} Ke6 56. Rd8 {Prevents Rf8} Rf6 57. Ke3 Kf5 58. Rb8 Kg5 (58... Rd6 $142 59. Rb7 Kg6) 59. Ke4 Re6 60. Rf8 Rd6 61. Rf5+ {Weighted Error Value: White=0.23 (precise) /Black=0.42} 1-0

[Event "Lliga Catalana DH 2023"]
[Site "Catalonia"]
[Date "2023.03.18"]
[Round "9.9"]
[White "Vehi Bach, Victor Manuel"]
[Black "Gonzalez Garcia, Jose"]
[Result "*"]
[WhiteElo "2242"]
[BlackElo "2450"]
[Annotator "TA"]
[PlyCount "37"]
[EventDate "2023.01.24"]
[EventType "team-tourn"]
[EventCountry "ESP"]
[SourceTitle "playchess.com"]
[Source "ChessBase"]
[SourceQuality "1"]
[TimeControl "40/5400+30:1800+30"]

1. e4 e6 2. d4 d5 3. Nc3 Nf6 4. Bg5 dxe4 5. Nxe4 Be7 {[#]} {Predecessor:} 6. Nxf6+ $146 {C13: French: Classical System: 4 Bg5 Be7, Alekhine-Chatard Attack.} Bxf6 7. Bxf6 Qxf6 8. Nf3 O-O 9. Qd3 c5 10. O-O-O Rd8 11. Qe3 Nc6 12. Bd3 cxd4 13. Qe4 g6 14. Rhe1 Bd7 15. Kb1 Be8 16. a3 Rd5 17. h4 Rad8 18. g4 b5 19. g5 {0-1 Chigaev,M (2632)-Kramnik,V (2753) Titled Tuesday intern op 28th Feb Late blitz 2023 (10)} *

[Event "Lliga Catalana DH 2023"]
[Site "Catalonia"]
[Date "2023.03.18"]
[Round "9.9"]
[White "Travesset Ribera, Daniel"]
[Black "Roa Ribera, Alvaro"]
[Result "0-1"]
[ECO "A07"]
[WhiteElo "2094"]
[BlackElo "1918"]
[Annotator "TA"]
[PlyCount "80"]
[EventDate "2023.01.24"]
[EventType "team-tourn"]
[EventCountry "ESP"]
[SourceTitle "playchess.com"]
[Source "ChessBase"]
[SourceQuality "1"]
[TimeControl "40/5400+30:1800+30"]

1. Nf3 d5 2. b3 Bf5 3. Bb2 Nf6 4. g3 e6 5. Bg2 Bd6 6. d3 {[%emt 0:00:42] A07: Réti Opening: New York and Capablanca Systems.} O-O 7. Nbd2 Re8 8. O-O {[%emt 0:07:02][%cal Oe2e4] White has an edge.} e5 {[%emt 0:05:12] [#]} 9. Nh4 $146 (9. e4 $14 dxe4 10. dxe4) ({Predecessor:} 9. c4 c6 10. Rc1 Nbd7 11. Nh4 Bg4 12. h3 Be6 13. Qc2 a5 14. a3 Qe7 15. Nb1 {½-½ Stursa,J (2085)-Marsalek,L (1908) Rakovnik Regional-chT 1415 2014 (7.4)}) 9... Bg4 10. h3 Be6 11. e4 Nc6 12. Re1 Qd7 13. Kh2 Bc5 14. Rf1 Rad8 (14... dxe4 $15 15. Nxe4 Nxe4 16. Bxe4 g6) 15. exd5 ({White should play} 15. f4 $11 exf4 16. Rxf4) 15... Bxd5 $15 16. Bxd5 Qxd5 (16... Nxd5 {simplifies} 17. Nhf3 Re6 18. Ne4 Be7) 17. Qf3 e4 {[%emt 0:07:13] Black is more active.} 18. Nxe4 Nxe4 19. dxe4 Qxe4 20. Qxe4 {[%emt 0:03:32] Black continues to play with concentration.} (20. Kg1 $15) 20... Rxe4 $17 21. Nf5 (21. Rae1 $17 Rxe1 22. Rxe1) 21... Re2 $19 {[%emt 0:01:24][%csl LRc2,LRf2] Hoping for ...Rdd2.} 22. Bxg7 (22. Kg1 {was necessary.}) 22... Rdd2 ({Stronger than} 22... Rxf2+ 23. Rxf2 Bxf2 24. Bh6 $11) 23. g4 $2 (23. Kh1 Rd5 24. g4 Rxf5 {[%mdl 64] Remove Defender} 25. gxf5 Kxg7 26. Kg2) 23... Bxf2 {[%emt 0:01:30] Black is clearly winning.} ({And not} 23... Rxc2 24. Kg3 $17) (23... Rxf2+ 24. Rxf2 Rxf2+ 25. Kg3 $19) 24. Rfd1 Bd4+ 25. Kg3 Bxg7 26. Rxd2 Rxd2 27. Re1 Kf8 {[%emt 0:02:07] Dodges Re8+} (27... Rxc2 $2 {perishes.} 28. Re8+ Bf8 29. Nh6+ Kg7 30. Nf5+ Kf6 31. Rxf8 $19) 28. c4 Rxa2 29. Rd1 Rc2 30. Kh4 a5 {[%emt 0:07:24] [#] ...Rc3 would be deadly.} 31. Rd7 Be5 {[%emt 0:00:09] aiming for ...Rc3.} 32. Nh6 Rf2 {[%emt 0:00:16] White must now prevent ...Rf3.} 33. Rd5 Rf3 34. Rb5 b6 35. Nf5 Rd3 36. g5 Bh2 {[%emt 0:01:14] [#] And now ...Nd4 would win.} 37. Nh6 Nd4 38. Rd5 Nf3+ 39. Kg4 Rxd5 40. cxd5 Nd2 {[%emt 0:00:07] Weighted Error Value: White=0.60/Black=0.16 (very precise)} 0-1

[Event "Lliga Catalana DH 2023"]
[Site "Catalonia"]
[Date "2023.03.18"]
[Round "9.10"]
[White "Martinez Talavera, Jordi"]
[Black "Pueyo Burrell, David"]
[Result "0-1"]
[ECO "A41"]
[WhiteElo "1950"]
[BlackElo "2067"]
[Annotator "TA"]
[PlyCount "76"]
[EventDate "2023.01.24"]
[EventType "team-tourn"]
[EventCountry "ESP"]
[SourceTitle "playchess.com"]
[Source "ChessBase"]
[SourceQuality "1"]
[TimeControl "40/5400+30:1800+30"]

1. d4 g6 2. Bf4 Bg7 3. e3 d6 4. Nf3 Nd7 5. c3 e5 6. Bg3 Qe7 {[%emt 0:03:30] A41: 1 d4 d6: Tartakower System and Modern Defence.} 7. Be2 Nh6 {[%emt 0:00:17] [#]} 8. Qb3 $146 (8. h3 $11) ({Predecessor:} 8. Bh4 f6 9. dxe5 dxe5 10. e4 O-O 11. O-O Nc5 12. Qc2 g5 13. Bg3 f5 14. exf5 Nxf5 {0-1 Collier,D (2098)-Hillarp Persson,T (2556) Guernsey op 38th 2012 (2)}) 8... Nf5 $15 {[%emt 0:08:24] Black is slightly better.} 9. Nbd2 e4 10. Ng1 h5 11. Qd5 $2 (11. Nh3 $15) 11... Nf6 $19 12. Qb3 {[%emt 0:00:26] [#]} Bh6 13. h4 Nxg3 14. fxg3 Bxe3 15. Nh3 Bxh3 16. gxh3 Bxd2+ 17. Kxd2 e3+ 18. Ke1 (18. Kc1 {was worth a try.}) 18... Ne4 19. Rg1 O-O-O 20. c4 (20. Bf3 {might work better.}) 20... Nd2 21. Qd3 Rhe8 22. Kd1 Qf6 23. Kc2 c5 {[%emt 0:02:22] ...d5 is the strong threat.} 24. Raf1 Nxf1 25. Rxf1 Qxd4 26. Qxd4 cxd4 {[%emt 0:00:04][%mdl 4096] Endgame KRR-KRB} 27. Kd3 f5 {[%emt 0:01:41] Black is clearly winning.} 28. g4 hxg4 29. hxg4 d5 {[%emt 0:00:39] ...dxc4+ would be deadly.} 30. c5 fxg4 31. Bxg4+ Kb8 32. Rf6 Rh8 33. Rxg6 Rxh4 34. Bf3 Rf4 35. Be2 Rf2 {[%emt 0:00:40] Strongly threatening ...Rh8.} 36. Rg4 Rh8 {[%emt 0:00:24][%cal Of2e2] aiming for ...Rxe2!} 37. Rg1 {[%emt 0:01:01] [#]} Rxe2 $1 38. Kxe2 (38. Kxd4 Rh4+) 38... Rh2+ {[%emt 0:00:01][%mdl 64] Skewer. White got outplayed after the opening.   Weighted Error Value: White=0.76/Black=0.06 (flawless)} 0-1

[Event "Lliga Catalana DH 2023"]
[Site "Catalonia"]
[Date "2023.03.18"]
[Round "9.10"]
[White "Diaz Comas, Jordi"]
[Black "Pang, Khai Jie Ryan"]
[Result "0-1"]
[ECO "C28"]
[WhiteElo "1839"]
[BlackElo "1841"]
[Annotator "NA COMBH"]
[PlyCount "39"]
[EventDate "2023.01.24"]
[EventType "team-tourn"]
[EventCountry "ESP"]
[SourceTitle "playchess.com"]
[Source "ChessBase"]
[SourceQuality "1"]
[TimeControl "40/5400+30:1800+30"]

1. e4 e5 2. Bc4 Nc6 3. Nc3 Nf6 4. d3 Bc5 5. a3 a6 6. f4 exf4 7. Bxf4 d6 8. Bg5 h6 9. Bh4 Be6 10. Nd5 g5 11. Bg3 Bxd5 12. exd5 Nd4 13. c3 Nf5 14. Qf3 Qe7+ 15. Ne2 Ne3 16. Kd2 g4 17. Qf4 Nh5 18. Qe4 Qxe4 19. dxe4 Nxc4+ 20. Ke1 0-1